 Dungeon Crawl Stone Soup version 0.23-a0-673-g3803c42f16 (webtiles) character file.

238 Brecoman the Gusty (level 5, -1/36 HPs)
             Began as a Draconian Air Elementalist on Jan 9, 2019.
             Was a Follower of Hepliaklqana.
             Succumbed to a scorpion's poison
             ... on level 4 of the Dungeon.
             The game lasted 00:15:23 (3004 turns).

Brecoman the Gusty (Draconian Air Elementalist)     Turns: 3004, Time: 00:15:24

Health: -1/36      AC:  5    Str: 11    XL:     5   Next: 78%
Magic:  6/9        EV: 12    Int: 16    God:    Hepliaklqana [*.....]
Gold:   216        SH:  0    Dex: 11    Spells: 8/9 levels left

rFire    . . .     SeeInvis .   d - +0 dagger
rCold    . . .     Gourm    .   (no shield)
rNeg     . . .     Faith    .   (armour unavailable)
rPois    .         Spirit   .   (helmet restricted)
rElec    .         Reflect  .   (no cloak)
rCorr    .         Harm     .   (no gloves)
MR       .....                  (no boots)
Stlth    ++........             (no amulet)
HPRegen  0.12/turn              (no ring)
MPRegen  0.11/turn              (no ring)

@: lethally poisoned (-1 -> -28), very slightly contaminated
A: unfitting armour, reduced essence, cold-blooded, AC +5
a: Recall Ancestor, Ancestor Identity, Renounce Religion


You were on level 4 of the Dungeon.
You worshipped Hepliaklqana.
Hepliaklqana was aware of your devotion.
You were hungry.

You visited 1 branch of the dungeon, and saw 4 of its levels.

You collected 216 gold pieces.

Inventory:

Hand Weapons
 d - a +0 dagger (weapon)
 i - a +0 short sword of speed
Missiles
 j - 199 stones (quivered)
Armour
 r - a +0 pair of gloves
 t - a scarf of spirit shield
Jewellery
 f - a cursed ring of attention {unknown}
 p - a cursed ring of teleportation {unknown}
Scrolls
 c - a scroll of immolation
 h - 3 scrolls of fear
 l - a scroll of enchant armour {unknown}
 n - 3 scrolls of noise
 q - 2 scrolls of teleportation
Potions
 a - 2 potions of curing {unknown}
 e - a potion of lignification {unknown}
 g - 2 potions of brilliance {unknown}
 m - a potion of cancellation {unknown}
 o - 3 potions of degeneration {unknown}
 s - 3 potions of agility {unknown}
 u - a potion of ambrosia {unknown}
Comestibles
 b - 7 rations
 k - 5 chunks of flesh


   Skills:
 + Level 2.1 Fighting
 + Level 2.7 Dodging
 - Level 1.7 Stealth
 + Level 2.8 Spellcasting
 + Level 2.3 Conjurations
 * Level 4.5 Air Magic


You had 8 spell levels left.
You knew the following spells:

 Your Spells              Type           Power        Failure   Level  Hunger
a - Shock                 Conj/Air       ##..         4%          1    #......

Your spell library contained the following spells:

 Spells                   Type           Power        Failure   Level  Hunger
 Swiftness                Chrm/Air       #.......     11%         2    ##.....
 Static Discharge         Conj/Air       ##......     14%         3    ###....
 Airstrike                Air            ###.......   28%         4    #####..
 Lightning Bolt           Conj/Air       ##........   77%         5    ######.


Dungeon Overview and Level Annotations

Branches:
Dungeon (4/15)
 Temple: D:4-7

Altars:
Hepliaklqana
Kikubaaqudgha
Qazlal
Sif Muna
Vehumet
Wu Jian

Annotations:
D:3 3 runed doors, RKaid's ghost, amateur HuCK


Innate Abilities, Weirdness & Mutations

Your plain brown scales are hard. (AC +5)
You cannot fit into any form of body armour.
You are cold-blooded and may be slowed by cold attacks.
Your life essence is reduced to manifest your ancestor. (-10% HP)


Message History

Casting: Shock (safe; 4% risk of failure)
Confirm with . or Enter, or press ? or * to list all spells.
Aiming: Shock (safe; 4% risk of failure)
Press: ? - help, Shift-Dir - straight line, p - scorpion The zap misses the scorpion. x2
* * * LOW HITPOINT WARNING * * *
You feel sick.
Ntombi barely misses the scorpion.
The scorpion misses you.
Okay, then.
Okay, then.
* * * LOW HITPOINT WARNING * * *
You feel sick.
Ntombi hits the scorpion but does no damage.
Casting: Shock (safe; 4% risk of failure)
Confirm with . or Enter, or press ? or * to list all spells.
Aiming: Shock (safe; 4% risk of failure)
Press: ? - help, Shift-Dir - straight line, f - scorpion
Aim: a scorpion (moderately wounded)
The zap hits the scorpion.
The scorpion appears unharmed.
The scorpion is moderately wounded.
You die...

## .# #..# .#
#####... .#
#...##..## .#
####...# ...# .#
#......# #..# ##
#.#....# #..# #
#......# #..#
#...)..# #@##
######......# #s.#
#...........# #.>#
#.#####.÷...# ##R#
#.# #.÷.### #.#
#.#####...# #.#
#....##...#######.#
####.##...##......#
# #.###.###.######


You could see the friendly Ntombi the ancestor and a scorpion.

Vanquished Creatures
  A bullfrog skeleton (D:4)
  An orc priest (D:3)
  2 worker ants (D:4)
  3 adders
  A gnoll (D:1)
  An adder skeleton (D:4)
  A dart slug (D:1)
  4 orcs (D:3)
  4 giant cockroaches (D:1)
  4 goblins
  8 hobgoblins
  5 jackals
  9 kobolds
  9 bats
  3 frilled lizards (D:3)
  A quokka skeleton (D:4)
  10 rats
67 creatures vanquished.

Vanquished Creatures (collateral kills)
  An adder (D:2)
  A leopard gecko (D:2)
  An orc (D:3)
  3 jackals
  A quokka (D:3)
  A frilled lizard (D:3)
  A rat (D:3)
9 creatures vanquished.

Vanquished Creatures (others)
  2 ancestors
  4 fungi (D:3)
6 creatures vanquished.

Grand Total: 82 creatures vanquished

Notes
Turn   | Place    | Note
-------+----------+-------------------------------------------
     0 | D:1      | Brecoman the Draconian Air Elementalist began the quest for
                  | the Orb.
     0 | D:1      | Reached XP level 1. HP: 14/14 MP: 3/3
   169 | D:1      | Reached XP level 2. HP: 14/22 MP: 0/5
   622 | D:1      | Reached XP level 3. HP: 27/27 MP: 2/6
   666 | D:1      | Reached skill level 1 in Fighting
  1271 | D:2      | Found a hazy altar of Hepliaklqana.
  1279 | D:2      | Became a worshipper of Hepliaklqana the Forgotten
  1699 | D:3      | Reached XP level 4. HP: 31/31 MP: 5/7
  1832 | D:3      | Reached skill level 4 in Air Magic
  2122 | D:3      | Reached * piety under Hepliaklqana
  2151 | D:3      | Found an ancient bone altar of Kikubaaqudgha.
  2151 | D:3      | Found a stormy altar of Qazlal.
  2159 | D:3      | Found a deep blue altar of Sif Muna.
  2162 | D:3      | Found an ornate altar of the Wu Jian Council.
  2164 | D:3      | Found a radiant altar of Vehumet.
  2281 | D:3      | Found a runed gate.
  2281 | D:3      | Found a runed gate.
  2281 | D:3      | Found a runed gate.
  2288 | D:3      | Noticed RKaid's ghost (amateur HuCK)
  2288 | D:3      | Noticed a big kobold
  2288 | D:3      | Identified the +4 dagger of the Silent Majority {chaos, rF+
                  | Str+2}
  2288 | D:3      | Noticed a big kobold
  2288 | D:3      | Noticed a big kobold
  2640 | D:4      | Reached XP level 5. HP: 32/36 MP: 6/8
  3004 | D:4      | Succumbed to a scorpion's poison

Vault maps used:
D:1:      dpeg_arrival_ratfight, minmay_close_crescents
D:2:      lemuel_coloured_pillars_altar, minmay_misc_feat_pillars,
          feat_on_display
D:3:      chequers_temple_overflow_minitemple, portal_sewer_entry_d,
          gammafunk_ghost_nasty_kobolds, minmay_misc_feat_x
D:4:      minmay_wonky_spiral, first_ration, kennysheep_okawaru_gauntlet

Skill      XL: |  1  2  3  4  5 |
---------------+----------------+-----
Dodging        | 2 |  2.7
Fighting       | 1 2 |  2.1
Conjurations   | 2 |  2.3
Air Magic      | 4 |  4.5
Stealth        | |  1.7
Spellcasting   | |  2.8

Action                   |  1- 3 |  4- 6 || total
-------------------------+-------+-------++-------
Melee: Unarmed           |     3 |       ||     3
       Dagger            |    57 |    52 ||   109
       Tailslap          |     7 |     4 ||    11
 Cast: Shock             |    61 |    39 ||   100
  Use: Scroll            |       |     6 ||     6
 Stab: Sleeping          |     2 |       ||     2
       Distracted        |       |     1 ||     1
  Eat: Chunk             |     3 |     4 ||     7
Armor: Skin              |    54 |    28 ||    82
Dodge: Dodged            |    97 |    67 ||   164

Table legend:
 A = Non-vault XP
 B = Vault XP
 C = Vault XP percentage of total XP
 D = Non-vault monster count
 E = Vault monster count
 F = Vault count percentage of total count
                 A         B        C        D         E       F
            +---------+---------+-------+---------+---------+-------
      Total |     318 |      23 |   6.7 |      68 |       8 |  10.5
            +---------+---------+-------+---------+---------+-------
        D:1 |      52 |       9 |  14.8 |      22 |       7 |  24.1
        D:2 |      29 |       0 |   0.0 |       9 |       0 |   0.0
        D:3 |      88 |      14 |  13.7 |      27 |       1 |   3.6
        D:4 |     149 |       0 |   0.0 |      10 |       0 |   0.0
            +---------+---------+-------+---------+---------+-------
